 Dungeon Crawl Stone Soup version 0.17-a0-1716-gdf19ebb (webtiles) character file.

3119 avaji the Bludgeoner (level 9, 0/132 HPs)
             Began as an Ogre Berserker on Aug 24, 2015.
             Was a High Priest of Trog.
             Slain by a killer bee (5 damage)
             ... on level 8 of the Dungeon.
             The game lasted 00:26:35 (7182 turns).

avaji the Bludgeoner (Ogre Berserker)               Turns: 7182, Time: 00:26:36

Health: 0/132      AC: 10    Str: 32      XL:     9   Next: 91%
Magic:  7/7        EV: 10    Int:  8      God:    Trog [*****.]
Gold:   183        SH:  0    Dex:  9 (10) Spells: 0 memorised, 8 levels left

rFire  . . .     SeeInvis .     y - +0 giant spiked club
rCold  + . .     Clarity  .     w - +1 robe of Patience {*Drain MR+++ Regen+ rCorr}
rNeg   . . .     SustAt   .     (no shield)
rPois  .         Gourm    .     b - +2 hat
rElec  .         Spirit   .     (no cloak)
rCorr  +         Warding  .     (gloves unavailable)
rMut   .         Stasis   .     (boots unavailable)
MR     +++..                    (no amulet)
Stlth  ..........               (no ring)
                                s - ring of Mimeph {rC+ Int+2 Stlth+}

@: berserking, lethally poisoned (0 -> -5), very quick, extremely resistant to
hostile enchantments, extremely unstealthy
A: unfitting armour, rough black scales 1, agile 1, deterioration 1, low mp 2,
tough skin 1, evolution 1
a: Burn Spellbooks, Berserk, Trog's Hand, Brothers in Arms, Renounce Religion


You were on level 8 of the Dungeon.
You worshipped Trog.
Trog was extremely pleased with you.
You were hungry.

You visited 1 branch of the dungeon, and saw 8 of its levels.

You collected 415 gold pieces.
You spent 232 gold pieces at shops.

Inventory:

Hand weapons
 y - a +0 giant spiked club (weapon)
Missiles
 n - 161 stones (quivered)
Armour
 b - a +2 hat (worn)
 w - the +1 robe of Patience (worn) {*Drain MR+++ Regen+ rCorr}
   (You bought it in a shop on level 6 of the Dungeon)

   It affects your resistance to hostile enchantments.
   It increases your rate of regeneration.
   It protects you from acid and corrosion.
   It causes draining when unequipped.
Jewellery
 r - an uncursed amulet of stasis
 s - the ring of Mimeph (left hand) {rC+ Int+2 Stlth+}
   (You found it on level 6 of the Dungeon)

   [ring of protection from cold]

   It affects your intelligence (+2).
   It protects you from cold.
   It makes you more stealthy.
 v - an uncursed ring of fire
Magical devices
 i - a wand of slowing (25)
 o - a wand of fireball (4)
Scrolls
 a - a scroll of fog
 j - 5 scrolls of identify
 k - 6 scrolls of teleportation
 u - 4 scrolls of remove curse
 x - a scroll of enchant weapon
Potions
 d - 3 potions of magic
 e - 3 potions of mutation
 f - a potion of brilliance
 g - a potion of heal wounds
 p - 2 potions of curing
 q - a potion of haste
 t - a potion of might {unknown}
Comestibles
 c - 6 bread rations
 h - 8 meat rations
 m - 9 fruits


   Skills:
 + Level 5.6 Fighting
 * Level 16.2 Maces & Flails
 - Level 2.7 Dodging
   Level 1.0 Shields


You had 8 spell levels left.
You didn't know any spells.

Dungeon Overview and Level Annotations

Branches:
Dungeon (8/15)             Temple (0/1) D:4
   Lair: D:8-11

Altars:
Dithmenos
Fedhas
Gozag
Nemelex Xobeh
Ru
Yredelemnul
The Shining One

Shops:
D:6 [

Annotations:
D:7 1 exclusion


Innate Abilities, Weirdness & Mutations

You are too large for most types of armour.
You have tough skin (AC +1).
You are partially covered in rough black scales (AC +4, Dex -1).
You are agile. (Dex +2)
Your body sometimes deteriorates upon taking damage.
Your magical capacity is very low (-20% MP).
You evolve.


Message History

The killer bee stings you.
* * * LOW HITPOINT WARNING * * *
You closely miss the killer bee. The killer bee barely misses you.
The killer bee stings you.
* * * LOW HITPOINT WARNING * * *
You are more poisoned.
The killer bee poisons you! The killer bee stings you!
* * * LOW HITPOINT WARNING * * *
You are more poisoned.
The killer bee poisons you!
You miss the killer bee.
You feel sick. The killer bee stings you.
* * * LOW HITPOINT WARNING * * *
The killer bee closely misses you. The killer bee barely misses you.
You perforate the killer bee like a sieve!!!
You feel the power of Trog in you as your rage grows.
You kill the killer bee!
Trog accepts your kill.
* * * LOW HITPOINT WARNING * * *
You feel sick. The killer bee barely misses you. The killer bee stings you.
You die...

#.......#.y#....# .
##........y.##....#
(.###...........##......#
...........y.....##....##
......))..........#...##
#...)..(..##.......##
......)...######.....#
......##.yy## #..#..
#####. ###y@# .## #
###..# # #.... ..)## ##.#
#


You could see 3 killer bees.

Vanquished Creatures
  Grinder (D:3)
  A hippogriff (D:7)
  An orc warrior (D:8)
  A phantom (D:6)
  2 sky beasts
  2 ice beasts
  A black bear (D:6)
  5 ogres
  3 centaurs
  A necrophage (D:6)
  2 big kobolds
  2 giant frogs
  4 wights (D:5)
  3 scorpions
  3 killer bees (D:8)
  2 crimson imps
  An iguana (D:7)
  3 orc priests
  4 orc wizards
  Jessica (D:3)
  6 worker ants
  5 gnolls
  A shadow imp (D:6)
  9 adders
  An ooze (D:5)
  3 worms
  5 giant geckos
  18 orcs
  7 bats
  10 giant cockroaches
  12 hobgoblins
  26 kobolds
  2 quokkas
  3 giant newts
  4 goblins
  16 jackals
  A jackal skeleton (D:5)
  11 rats
183 creatures vanquished.

Notes
Turn   | Place    | Note
--------------------------------------------------------------
     0 | D:1      | avaji the Ogre Berserker began the quest for the Orb.
     0 | D:1      | Reached XP level 1. HP: 24/24 MP: 1/1
   154 | D:1      | Reached XP level 2. HP: 21/32 MP: 2/2
   626 | D:1      | Reached skill level 5 in Maces & Flails
   626 | D:1      | Reached XP level 3. HP: 17/39 MP: 3/3
   802 | D:1      | Acquired Trog's second power
  1098 | D:2      | Reached skill level 6 in Maces & Flails
  1284 | D:2      | Reached XP level 4. HP: 38/48 MP: 4/4
  1709 | D:3      | Gained mutation: Your magical capacity is low (-10% MP). [potion of mutation]
  1709 | D:3      | Gained mutation: You evolve. [potion of mutation]
  1709 | D:3      | Gained mutation: Your magical capacity is very low (-20% MP). [potion of mutation]
  1859 | D:3      | Gained mutation: You are agile. (Dex +2) [evolution]
  1911 | D:3      | Reached skill level 7 in Maces & Flails
  1911 | D:3      | Reached XP level 5. HP: 28/54 MP: 4/4
  2192 | D:3      | Noticed Jessica
  2219 | D:3      | Killed Jessica
  2311 | D:3      | Noticed Grinder
  2327 | D:3      | Paralysed by Grinder for 7 turns
  2343 | D:3      | Killed Grinder
  2343 | D:3      | Reached skill level 9 in Maces & Flails
  2343 | D:3      | Reached XP level 6. HP: 35/62 MP: 4/4
  2488 | D:4      | Found a staircase to the Ecumenical Temple.
  2768 | D:4      | Reached skill level 10 in Maces & Flails
  2768 | D:4      | Reached skill level 1 in Shields
  2768 | D:4      | Reached XP level 7. HP: 44/70 MP: 5/5
  2856 | D:4      | Found a sacrificial altar of Ru.
  2913 | D:4      | Found an opulent altar of Gozag.
  2913 | D:4      | Found a sparkling altar of Nemelex Xobeh.
  3299 | D:5      | Entered Level 5 of the Dungeon
  3362 | D:5      | Acquired Trog's third power
  3384 | D:5      | HP: 5/105 [ice beast (9)]
  3385 | D:5      | Reached skill level 11 in Maces & Flails
  3449 | D:5      | Gained mutation: You are partially covered in rough black scales (AC +4, Dex -1). [evolution]
  3759 | D:5      | Found a blossoming altar of Fedhas.
  3911 | D:5      | Reached XP level 8. HP: 78/78 MP: 6/6
  3914 | D:5      | Reached skill level 12 in Maces & Flails
  4034 | D:5      | Found a shadowy altar of Dithmenos.
  4177 | D:5      | Gained mutation: Your body sometimes deteriorates upon taking damage. [evolution]
  4323 | D:6      | Got a wavering jade ring
  4324 | D:6      | Identified the ring of Mimeph {rC+ Int+2 Stlth+} (You found it on level 6 of the Dungeon)
  4353 | D:6      | Reached skill level 13 in Maces & Flails
  4558 | D:6      | You fall through a shaft!
  4870 | D:6      | Found a basalt altar of Yredelemnul.
  4872 | D:6      | Noticed a profane servitor
  4881 | D:6      | Reached skill level 14 in Maces & Flails
  4881 | D:6      | Reached XP level 9. HP: 84/84 MP: 7/7
  4883 | D:6      | Found Ziczux Xini's Antique Armour Shoppe.
  4905 | D:6      | Bought an opalescent robe for 136 gold pieces
  4905 | D:6      | Identified the +1 robe of Patience {*Drain MR+++ Regen+ rCorr} (You bought it in a shop on level 6 of the Dungeon)
  4919 | D:6      | Bought an embroidered hat for 96 gold pieces
  5245 | D:6      | Found a glowing golden altar of the Shining One.
  5428 | D:6      | Noticed an angel
  5732 | D:7      | Found an opulent altar of Gozag.
  6195 | D:7      | Reached skill level 15 in Maces & Flails
  6713 | D:8      | Reached skill level 5 in Fighting
  6948 | D:8      | Received a gift from Trog
  7002 | D:8      | Reached skill level 16 in Maces & Flails
  7182 | D:8      | HP: 5/132 [poisoned by a killer bee]
  7182 | D:8      | Slain by a killer bee

Vault maps used:
D:1:      matt_arrival_spirals, minivault_19
D:2:      first_bread
D:3:      minmay_unequal, uniq_grinder, uniq_crazy_yiuf_cottage, uniq_jessica
D:4:      grunt_temple_overflow_opulence, nicolae_ru_path_of_blood,
          minmay_temple_entry_statues, kennysheep_cross_room,
          serial_bayou_crossing
D:5:      lemuel_round_altar, basic_altar, kennysheep_nondescript, minmay_holes,
          item_on_display_a
D:6:      grunt_temple_overflow_holy_war, serial_shops, shop,
          minmay_item_behind_shaft
D:7:      kennysheep_kobold_camp, basic_altar

Action                   |  1- 3 |  4- 6 |  7- 9 || total
-------------------------+-------+-------+-------++-------
Melee: Mace              |   138 |   170 |       ||   308
       Giant club        |       |       |   187 ||   187
       Giant spiked club |       |       |    79 ||    79
Throw: Stone             |     1 |     7 |    23 ||    31
Invok: Berserk           |       |     3 |     5 ||     8
  Use: Scroll            |     9 |     2 |     7 ||    18
       Potion            |       |     1 |       ||     1
 Stab: Sleeping          |       |       |     3 ||     3
       Distracted        |       |       |     1 ||     1
  Eat: Chunk             |     1 |     9 |    14 ||    24
       Royal jelly       |       |       |     1 ||     1
       Beef jerky        |       |       |     1 ||     1
